 Dungeon Crawl Stone Soup version 0.30.1-8-g117510f58f (webtiles) character file.

Game seed: 10779977825571257959

443 Zonian the Covered (level 6, 0/81 HPs)
             Began as an Armataur Fighter on Sept 24, 2023.
             Was a Believer of Makhleb.
             Slain by Pikel
             ... wielding a +1 whip of freezing
              (4 damage)
             ... on level 4 of the Dungeon.
             The game lasted 00:05:27 (2440 turns).

Zonian the Covered (Armataur Fighter)               Turns: 2440, Time: 00:05:27

Health: 0/81       AC:  7    Str: 23    XL:     6   Next: 71%
Magic:  6/6        EV:  8    Int:  8    God:    Makhleb [**....]
Gold:   219        SH:  4    Dex: 10    Spells: 5/5 levels left

rFire   . . .        a - +0 trident
rCold   . . .        c - +0 buckler
rNeg    . . .        b - +0 scale mail
rPois   .            (no helmet)
rElec   .            (no cloak)
rCorr   .            (no gloves)
SInv    .            (no barding)
Will    .....        (no amulet) Stlth
                     (no ring)
HPRegen 0.33/turn    (no ring)
MPRegen 0.10/turn

%: roll
@: berserking, very quick
A: large, rugged brown scales 3, deformed body, armoured tail, roll, long
tongue, awkward tongue
a: Renounce Religion, Minor Destruction


You were on level 4 of the Dungeon.
You worshipped Makhleb.
Makhleb was pleased with you.
You visited 1 branch of the dungeon, and saw 4 of its levels.
You also visited: Sewer.

You collected 219 gold pieces.

Inventory:

Hand Weapons
 a - a +0 trident (weapon)
 f - a +2 vampiric dagger
 k - a +2 dagger of venom
 n - a +2 dagger of freezing
 p - a +0 dagger of protection
 s - a +2 rapier of speed
Missiles
 e - 6 poisoned darts (quivered)
 o - 6 boomerangs
Armour
 b - a +0 scale mail (worn)
 c - a +0 buckler (worn)
Jewellery
 l - a ring of ice
Scrolls
 h - a scroll of identify
Potions
 d - a potion of might
 i - a potion of brilliance
 m - a potion of lignification {unknown}
 q - a potion of attraction


   Skills:
 + Level 3.6 Fighting
 + Level 4.0 Polearms
 + Level 5.6 Armour
 - Level 1.1 Dodging
 + Level 0.1 Stealth
 - Level 3.9 Shields
 * Level 0.3 Invocations


You had 5 spell levels left.
You didn't know any spells.
Your spell library contained the following spells:

 Spells                   Type           Power      Damage    Failure   Level
 Sublimation of Blood     Necr           0%         N/A       88%         2
 Inner Flame              Hex/Fire       0%         N/A       98%         3
 Flame Wave               Conj/Fire      0%         2d4       100%        4
 Petrify                  Tmut/Erth      0%         N/A       100%        4
 Sticky Flame             Conj/Fire      0%         2d3       100%        4
 Irradiate                Conj/Tmut      0%         3d11      100%        5


Dungeon Overview and Level Annotations

Branches:
Dungeon (4/15)              Sewer (visited)
 Temple: D:4-7

Altars:
Cheibriados
Elyvilon
Makhleb

Shops:
D:1 [?(

Annotations:
D:4 Pikel


Innate Abilities, Weirdness & Mutations

You are completely covered in rugged brown scales. (AC +3, +7% HP)
Armour fits poorly on your strangely shaped body.
You have a long armoured tail.
You roll when moving toward enemies. (Rampage)
Your long tongue fully drains potion bottles. (2x potion effects)
Your tongue gives you trouble enunciating. (1.5x scroll delay)


Message History

Pikel misses you.
Unknown command.
You hit Pikel but do no damage.
Pikel is heavily wounded.
Pikel barely misses you.
You hit Pikel.
Your tail-slap misses Pikel.
Pikel is severely wounded.
Pikel hits you with a +1 whip of freezing.
Pikel freezes you.
Pikel hits you with a +1 whip of freezing!
Pikel freezes you.
Unknown command.
You hit Pikel but do no damage.
Pikel is severely wounded.
Pikel says, "You'll feel the lick of my whip!"
Pikel hits you with a +1 whip of freezing!
* * * LOW HITPOINT WARNING * * *
Pikel freezes you.
* * * LOW HITPOINT WARNING * * *
A red film seems to cover your vision as you go berserk!
You feel yourself moving faster!
You feel mighty!
You slurp down every last drop of the potion of berserk rage!
Pikel misses you.
You hit Pikel but do no damage.
Pikel is severely wounded.
You barely miss Pikel.
Pikel is severely wounded.
Pikel barely misses you.
You closely miss Pikel.
Pikel is severely wounded.
Pikel hits you with a +1 whip of freezing.
* * * LOW HITPOINT WARNING * * *
Pikel freezes you.
* * * LOW HITPOINT WARNING * * *
You closely miss Pikel.
Pikel is severely wounded.
Pikel hits you with a +1 whip of freezing!
* * * LOW HITPOINT WARNING * * *
Pikel freezes you.
You die...

#############
#............
#(.....######
#.....5BK@#..
#.....55###.#
#....)....#.####
#......##.#....
#......+..#..###
#......####....#
#......'.5B>...+
#......####....#
#......# ....#


You could see Pikel, 3 lemures and a giant cockroach.

Vanquished Creatures
  Sigmund (D:3)
  A water moccasin (Sewer)
  Terence (D:3)
  Jessica (D:3)
  3 adders
  4 worms
  A dart slug (D:1)
  6 orcs (D:3)
  6 bats
  2 endoplasms
  6 giant cockroaches
  5 goblins
  5 hobgoblins
  4 jackals (D:1)
  4 kobolds
  5 quokkas
  6 ball pythons
  4 frilled lizards
  7 rats
72 creatures vanquished.

Notes
Turn   | Place    | Note
-------+----------+-------------------------------------------
     0 | D:1      | Zonian the Armataur Fighter began the quest for the Orb.
     0 | D:1      | Reached XP level 1. HP: 19/19 MP: 1/1
   141 | D:1      | Found a faded altar of an unknown god.
   149 | D:1      | Reached XP level 2. HP: 26/26 MP: 2/2
   151 | D:1      | Prayed at the altar of an unknown god.
   151 | D:1      | Became a worshipper of Makhleb the Destroyer
   151 | D:1      | Reached * piety under Makhleb
   160 | D:1      | Found Yteino's Antique Armour Shoppe.
   265 | D:1      | Reached skill level 4 in Armour
   319 | D:1      | Found The Oracle's Delphic Readings.
   353 | D:1      | Reached XP level 3. HP: 33/33 MP: 3/3
   440 | D:1      | Found Tahelug's Antique Weapon Shop.
   595 | D:2      | Reached ** piety under Makhleb
   943 | D:2      | Found a white marble altar of Elyvilon.
  1448 | D:3      | Noticed Terence
  1460 | D:3      | Killed Terence
  1461 | D:3      | Reached XP level 4. HP: 7/40 MP: 4/4
  1674 | D:3      | Found a snail-covered altar of Cheibriados.
  1708 | D:3      | Noticed Sigmund
  1719 | D:3      | Killed Sigmund
  1720 | D:3      | Reached skill level 5 in Armour
  1720 | D:3      | Reached XP level 5. HP: 35/48 MP: 5/5
  1720 | D:3      | Reached XP level 6. HP: 40/54 MP: 6/6
  1727 | D:3      | Found a glowing drain.
  1737 | Sewer    | Entered a sewer
  1781 | Sewer    | Noticed a water moccasin
  1800 | Sewer    | Killed a water moccasin
  1801 | Sewer    | Reached skill level 1 in Dodging
  1993 | D:3      | Noticed Jessica
  2000 | D:3      | Killed Jessica
  2407 | D:4      | Noticed Pikel
  2440 | D:4      | HP: 4/81 [Pikel/+1 whip of freezing (8)]
  2440 | D:4      | Slain by Pikel

Illustrated notes

Levels and vault maps discovered:
D:1:      zaba_arrival_water, layout_rooms, hellmonk_ecumenical_altar_run_dry,
          serial_shops, shop, nicolae_shop_overgrown_old_shop,
          nicolae_nh_oracle_at_delphi
D:2:      layout_loops_corners, basic_altar
D:3:      layout_basic, old_standard_altar, portal_sewer_entry_d,
          supply_closet_lemuel, uniq_sigmund, uniq_terence, uniq_jessica
D:4:      layout_basic, uniq_pikel

Skill      XL: |  1  2  3  4  5  6 |
---------------+-------------------+-----
Fighting       | 3 |  3.6
Armour         | 4 5 |  5.6
Polearms       | 2 3 4 |  4.0
Dodging        | 1 |  1.1
Stealth        | |  0.1
Shields        | |  3.9
Invocations    | |  0.3

Action                     |  1- 3 |  4- 6 || total
---------------------------+-------+-------++-------
  Melee: Trident           |   122 |   109 ||   231
         Tailslap          |     9 |     6 ||    15
 Invoke: Minor Destruction |     1 |       ||     1
    Use: Potion            |       |     4 ||     4
         Scroll            |       |     5 ||     5
 Armour: Scale mail        |    51 |    38 ||    89
  Dodge: Dodged            |    38 |    33 ||    71
  Block: Buckler           |    19 |    25 ||    44
